[ AOE2 MATCH · #460436795 ]
1v1 RMSlavs vs Vietnamese
Player's team · WIN
[ REPLAY ANALYSIS · EXTRACTED FROM THE RECORDED GAME ]
Feudal
8:54
Castle
19:51
Imperial
40:57
| APM avg | 47.0 |
| APM peak | 114 |
| eAPM avg | 19.0 |
| Villagers / military | 140 / 127 |
Focus
⚔️ 36.4% · 🌾 63.6%
Scout Cavalry ×48 · Scorpion ×32 · Knight ×23 · Skirmisher ×8 · Mangonel ×6 · Trebuchet (Packed) ×6
Feudal
9:36
Castle
23:21
Imperial
40:10
| APM avg | 47.4 |
| APM peak | 92 |
| eAPM avg | 22.6 |
| Villagers / military | 99 / 143 |
Focus
⚔️ 31.4% · 🌾 68.6%
Spearman ×65 · Archer ×46 · Mangonel ×13 · Monk ×7 · Skirmisher ×5 · Scout Cavalry ×4
Match map
Initial resources + every placement click. Lines = walls · curves = elevation contours. ◆ gold · ⬟ stone · ● berries · ✦ relic · ◌ wall gap
Inputs per minute
— Me pica la próstata - - Narygol
Build order — Me pica la próstata
First 150 of 400 actions detected
| 0:01 | Create | Villager (Male) ×4 |
| 0:02 | Build | House |
| 0:04 | Build | House |
| 1:42 | Create | Villager (Male) |
| 1:56 | Build | Lumber Camp |
| 2:09 | Create | Villager (Male) |
| 2:30 | Create | Villager (Male) |
| 2:58 | Create | Villager (Male) |
| 3:18 | Create | Villager (Male) |
| 3:32 | Build | House |
| 3:43 | Create | Villager (Male) |
| 4:04 | Create | Villager (Male) |
| 4:05 | Create | Villager (Male) |
| 4:39 | Build | Mill |
| 4:51 | Create | Villager (Male) |
| 4:52 | Create | Villager (Male) |
| 5:26 | Create | Villager (Male) |
| 5:57 | Research | Loom |
| 6:44 | Research | Feudal Age |
| 7:45 | Build | Barracks |
| 8:11 | Create | Villager (Male) |
| 8:54 | Age | Feudal Age |
| 8:57 | Build | Stable |
| 9:10 | Build | Stable |
| 9:14 | Create | Villager (Male) |
| 9:22 | Research | Double-Bit Axe |
| 9:23 | Create | Spearman |
| 9:31 | Research | Horse Collar |
| 9:55 | Create | Scout Cavalry |
| 9:56 | Create | Villager (Male) |
| 10:04 | Build | Lumber Camp |
| 10:12 | Build | House |
| 10:13 | Build | Palisade Wall |
| 10:16 | Build | Palisade Wall |
| 10:23 | Build | Farm |
| 10:24 | Create | Villager (Male) |
| 10:36 | Build | Farm |
| 10:36 | Build | Farm |
| 10:49 | Create | Villager (Male) |
| 10:52 | Build | Farm |
| 11:16 | Build | Farm |
| 11:16 | Build | Farm |
| 11:16 | Build | Farm |
| 11:16 | Build | Farm |
| 11:17 | Create | Villager (Male) |
| 11:38 | Build | Farm |
| 11:39 | Build | Farm |
| 11:44 | Create | Villager (Male) |
| 12:09 | Build | Archery Range |
| 12:13 | Create | Villager (Male) |
| 12:17 | Build | House |
| 12:39 | Create | Villager (Male) |
| 12:58 | Create | Villager (Male) |
| 13:04 | Build | Farm |
| 13:04 | Build | Farm |
| 13:04 | Build | Farm |
| 13:06 | Create | Scout Cavalry |
| 13:17 | Create | Skirmisher |
| 13:18 | Create | Skirmisher |
| 13:34 | Build | House |
| 13:35 | Build | Palisade Wall |
| 13:41 | Create | Villager (Male) |
| 13:41 | Create | Villager (Male) |
| 13:45 | Build | Blacksmith |
| 13:48 | Build | House |
| 14:06 | Build | Mining Camp |
| 14:17 | Create | Skirmisher |
| 14:17 | Create | Villager (Male) |
| 14:56 | Create | Villager (Male) |
| 15:14 | Create | Villager (Male) |
| 16:10 | Create | Villager (Male) |
| 16:11 | Create | Villager (Male) |
| 16:11 | Create | Villager (Male) |
| 16:45 | Create | Skirmisher |
| 16:46 | Create | Skirmisher |
| 17:11 | Research | Castle Age |
| 17:35 | Create | Skirmisher |
| 17:35 | Create | Skirmisher |
| 17:44 | Build | Farm |
| 17:44 | Build | Farm |
| 17:45 | Build | Farm |
| 17:45 | Build | Farm |
| 17:53 | Build | Stable |
| 17:55 | Research | Scale Barding Armor |
| 18:06 | Create | Skirmisher |
| 18:10 | Build | House |
| 18:36 | Research | Forging |
| 19:47 | Build | Market |
| 19:51 | Age | Castle Age |
| 19:54 | Create | Villager (Male) |
| 19:54 | Create | Villager (Male) |
| 20:05 | Create | Knight |
| 20:35 | Build | Siege Workshop |
| 20:46 | Create | Knight |
| 20:46 | Create | Knight |
| 20:46 | Create | Knight |
| 20:47 | Create | Villager (Male) |
| 20:47 | Create | Villager (Male) |
| 20:47 | Create | Villager (Male) |
| 21:08 | Create | Mangonel |
| 21:32 | Create | Villager (Male) |
| 21:33 | Create | Villager (Male) |
| 22:02 | Create | Villager (Male) |
| 22:02 | Create | Villager (Male) |
| 22:17 | Create | Knight |
| 22:17 | Create | Knight |
| 22:39 | Create | Villager (Male) |
| 22:40 | Create | Villager (Male) |
| 22:40 | Create | Villager (Male) |
| 22:40 | Create | Villager (Male) |
| 22:50 | Build | House |
| 22:51 | Build | House |
| 22:54 | Create | Knight |
| 23:11 | Build | Town Center |
| 23:12 | Create | Villager (Male) |
| 23:12 | Create | Villager (Male) |
| 23:18 | Create | Knight |
| 23:20 | Research | Husbandry |
| 23:32 | Research | Gold Mining |
| 23:35 | Build | Mining Camp |
| 23:44 | Build | Lumber Camp |
| 23:47 | Build | House |
| 23:48 | Build | House |
| 23:49 | Build | House |
| 23:51 | Build | Palisade Wall |
| 23:55 | Create | Villager (Male) |
| 24:18 | Create | Knight |
| 24:18 | Create | Knight |
| 24:22 | Research | Bloodlines |
| 24:23 | Create | Villager (Male) |
| 24:26 | Build | Farm |
| 24:48 | Create | Villager (Male) |
| 24:49 | Create | Villager (Male) |
| 25:17 | Create | Knight |
| 25:18 | Create | Knight |
| 25:33 | Build | Siege Workshop |
| 25:37 | Create | Knight |
| 25:37 | Create | Knight |
| 25:43 | Build | Farm |
| 25:45 | Build | Farm |
| 25:57 | Create | Villager (Male) |
| 25:59 | Create | Villager (Male) |
| 26:18 | Create | Villager (Male) |
| 26:25 | Create | Villager (Male) |
| 26:25 | Create | Villager (Male) |
| 26:39 | Build | Town Center |
| 26:49 | Research | Chain Barding Armor |
| 26:56 | Create | Villager (Male) |
| 26:56 | Create | Villager (Male) |
| 27:12 | Build | Lumber Camp |
Build order — Narygol
First 150 of 403 actions detected
| 0:03 | Create | Villager (Male) |
| 0:04 | Build | House |
| 0:05 | Build | House |
| 0:27 | Create | Villager (Male) |
| 0:27 | Create | Villager (Male) |
| 0:36 | Create | Villager (Male) |
| 1:27 | Create | Villager (Male) |
| 1:27 | Create | Villager (Male) |
| 1:51 | Build | Lumber Camp |
| 1:59 | Create | Villager (Male) |
| 2:20 | Create | Villager (Male) |
| 2:47 | Create | Villager (Male) |
| 2:47 | Create | Villager (Male) |
| 3:06 | Create | Villager (Male) |
| 3:47 | Create | Villager (Male) |
| 3:47 | Create | Villager (Male) |
| 3:52 | Build | House |
| 4:12 | Create | Villager (Male) |
| 4:12 | Create | Villager (Male) |
| 4:16 | Build | Mill |
| 4:34 | Create | Villager (Male) |
| 4:34 | Create | Villager (Male) |
| 4:53 | Create | Villager (Male) |
| 4:54 | Create | Villager (Male) |
| 5:14 | Create | Villager (Male) |
| 5:33 | Create | Villager (Male) |
| 5:33 | Create | Villager (Male) |
| 5:59 | Build | House |
| 6:04 | Create | Villager (Male) |
| 6:38 | Build | Barracks |
| 6:40 | Build | Palisade Wall |
| 6:45 | Research | Loom |
| 7:26 | Research | Feudal Age |
| 7:58 | Build | Mining Camp |
| 8:30 | Build | Palisade Wall |
| 8:44 | Build | House |
| 9:26 | Build | Palisade Wall |
| 9:27 | Build | Palisade Wall |
| 9:36 | Age | Feudal Age |
| 9:37 | Create | Spearman |
| 9:40 | Build | Archery Range |
| 9:40 | Create | Villager (Male) |
| 9:42 | Research | Double-Bit Axe |
| 9:42 | Research | Double-Bit Axe |
| 9:45 | Research | Horse Collar |
| 10:00 | Create | Villager (Male) |
| 10:13 | Build | House |
| 10:19 | Build | Blacksmith |
| 10:26 | Create | Villager (Male) |
| 10:48 | Create | Archer |
| 10:52 | Build | House |
| 10:57 | Build | Palisade Gate |
| 11:13 | Create | Spearman |
| 11:16 | Create | Villager (Male) |
| 11:17 | Create | Villager (Male) |
| 11:21 | Create | Archer |
| 11:34 | Create | Spearman |
| 11:51 | Create | Villager (Male) |
| 12:08 | Build | House |
| 12:16 | Build | Farm |
| 12:29 | Build | House |
| 12:51 | Build | House |
| 12:52 | Build | Palisade Wall |
| 12:53 | Create | Villager (Male) |
| 13:00 | Create | Archer |
| 13:00 | Create | Archer |
| 13:06 | Build | Palisade Wall |
| 13:09 | Build | House |
| 13:13 | Build | Farm |
| 13:15 | Build | Farm |
| 13:16 | Create | Villager (Male) |
| 13:30 | Create | Villager (Male) |
| 13:33 | Create | Archer |
| 13:37 | Create | Spearman |
| 13:57 | Research | Horse Collar |
| 14:01 | Build | Farm |
| 14:03 | Create | Villager (Male) |
| 14:07 | Research | Fletching |
| 14:07 | Research | Fletching |
| 14:30 | Build | Palisade Wall |
| 14:34 | Create | Archer |
| 14:36 | Create | Spearman |
| 14:49 | Build | Lumber Camp |
| 14:50 | Create | Villager (Male) |
| 14:50 | Create | Villager (Male) |
| 14:56 | Create | Archer |
| 15:11 | Build | Farm |
| 15:14 | Create | Villager (Male) |
| 15:19 | Build | House |
| 15:54 | Build | Stable |
| 16:07 | Create | Villager (Male) |
| 16:08 | Create | Villager (Male) |
| 16:09 | Create | Archer |
| 16:17 | Build | Farm |
| 16:20 | Create | Scout Cavalry |
| 16:20 | Create | Scout Cavalry |
| 16:58 | Create | Scout Cavalry |
| 17:02 | Build | Farm |
| 17:02 | Build | Farm |
| 17:21 | Create | Villager (Male) |
| 17:24 | Build | Farm |
| 17:25 | Build | Farm |
| 17:46 | Create | Villager (Male) |
| 17:52 | Build | Market |
| 18:18 | Create | Villager (Male) |
| 18:18 | Create | Villager (Male) |
| 18:23 | Build | Farm |
| 18:24 | Build | Farm |
| 18:34 | Build | Farm |
| 18:35 | Build | Farm |
| 18:36 | Build | Farm |
| 18:37 | Build | Farm |
| 19:24 | Create | Villager (Male) |
| 19:24 | Create | Villager (Male) |
| 19:26 | Build | Farm |
| 19:28 | Build | Farm |
| 19:30 | Build | Farm |
| 19:31 | Build | Farm |
| 19:37 | Create | Scout Cavalry |
| 19:42 | Build | Palisade Wall |
| 20:07 | Create | Villager (Male) |
| 20:14 | Build | House |
| 20:41 | Research | Castle Age |
| 20:46 | Build | House |
| 21:20 | Research | Padded Archer Armor |
| 21:21 | Create | Archer |
| 21:21 | Create | Archer |
| 21:25 | Build | Archery Range |
| 21:53 | Create | Spearman |
| 21:53 | Create | Spearman |
| 22:00 | Build | House |
| 22:03 | Build | House |
| 22:48 | Create | Archer |
| 22:48 | Create | Archer |
| 22:57 | Research | Gold Mining |
| 23:07 | Build | House |
| 23:21 | Age | Castle Age |
| 23:24 | Build | Monastery |
| 23:26 | Research | Bodkin Arrow |
| 23:26 | Research | Bodkin Arrow |
| 23:26 | Research | Crossbowman (upgrade) |
| 23:28 | Create | Archer |
| 23:32 | Create | Villager (Male) |
| 23:33 | Create | Villager (Male) |
| 23:35 | Research | Bow Saw |
| 23:39 | Build | Farm |
| 24:02 | Build | House |
| 24:05 | Create | Villager (Male) |
| 24:06 | Create | Archer |
| 24:06 | Create | Archer |
Match timeline
| 6:38 | Narygol · first_building Barracks |
| 6:40 | Narygol · wall_segment Palisade Wall x1 |
| 7:45 | Me pica la próstata · first_building Barracks |
| 8:30 | Narygol · wall_segment Palisade Wall x4 |
| 8:54 | Me pica la próstata · age_up feudal |
| 8:57 | Me pica la próstata · first_building Stable |
| 9:26 | Narygol · wall_segment Palisade Wall x1 |
| 9:27 | Narygol · wall_segment Palisade Wall x1 |
| 9:36 | Narygol · age_up feudal |
| 9:40 | Narygol · first_building Archery Range |
| 10:13 | Me pica la próstata · wall_segment Palisade Wall x2 |
| 10:16 | Me pica la próstata · wall_segment Palisade Wall x5 |
| 12:09 | Me pica la próstata · first_building Archery Range |
| 12:52 | Narygol · wall_segment Palisade Wall x7 |
| 13:06 | Narygol · wall_segment Palisade Wall x13 |
| 13:35 | Me pica la próstata · wall_segment Palisade Wall x1 |
| 14:30 | Narygol · wall_segment Palisade Wall x15 |
| 15:54 | Narygol · first_building Stable |
| 19:42 | Narygol · wall_segment Palisade Wall x7 |
| 19:48 | Narygol · first_market_buy 100 food |
| 19:50 | Narygol · first_market_sell 100 stone |
| 19:51 | Me pica la próstata · age_up castle |
| 20:35 | Me pica la próstata · first_building Siege Workshop |
| 20:41 | Me pica la próstata · first_market_sell 100 wood |
| 23:21 | Narygol · age_up castle |
| 23:24 | Narygol · first_building Monastery |
| 23:51 | Me pica la próstata · wall_segment Palisade Wall x1 |
| 24:32 | Narygol · wall_segment Palisade Wall x1 |
| 24:34 | Narygol · wall_segment Palisade Wall x1 |
| 24:37 | Narygol · wall_segment Palisade Wall x1 |
| 26:18 | Narygol · wall_segment Palisade Wall x1 |
| 26:48 | Me pica la próstata · first_market_buy 100 food |
| 27:40 | Narygol · wall_segment Palisade Wall x1 |
| 29:47 | Narygol · first_building Siege Workshop |
| 33:05 | Me pica la próstata · first_building Monastery |
| 33:34 | Me pica la próstata · first_building Castle |
| 36:17 | Narygol · wall_segment Stone Wall x1 |
| 36:41 | Narygol · first_building Castle |
| 40:10 | Narygol · age_up imperial |
| 40:57 | Me pica la próstata · age_up imperial |
| 48:11 | Narygol · resign |
[ AI ANALYSIS · 1 CREDIT ]
What really happened in this match?
Wolo.gg analyzes every decision: build order, eco, micro, common mistakes by bracket. Personalized analysis on WhatsApp or Discord in 30 seconds.
Civ guide
Slavs
Map guide
Arabia
Perfil
Jugador #24650521